[Event "Czech Championship 2022"]
[Site "Usti nad Labem"]
[Date "2022.05.18"]
[Round "5.20"]
[White "Kozak, Milos"]
[Black "Vojta, Jakub"]
[Result "0-1"]
[ECO "D76"]
[WhiteElo "2114"]
[BlackElo "2396"]
[Annotator "TA"]
[PlyCount "98"]
[EventDate "2022.05.12"]
[EventType "swiss"]
[EventCountry "CZE"]
[SourceTitle "playchess.com"]
[Source "ChessBase"]
[SourceQuality "1"]
[TimeControl "40/5400+30:1800+30"]

1. Nf3 Nf6 2. g3 g6 3. Bg2 Bg7 4. c4 O-O 5. d4 d5 6. cxd5 Nxd5 7. O-O Nb6 8. Nc3 Nc6 9. e3 Re8 10. h3 e5 11. d5 {[%emt 0:03:58] D76: Fianchetto Grünfeld: Main Line with 7...Nb6.} Na5 12. Qc2 c6 13. b4 {[%emt 0:01:38] White has an edge.} Nac4 14. dxc6 bxc6 15. Rd1 Qe7 16. a3 {[%emt 0:04:42] [#]} (16. Nd2 {looks sharper.} Bf5 17. Nce4 Red8 18. a3) 16... Be6 $146 ({Predecessor:} 16... Bf5 17. Ne4 Red8 18. Rxd8+ Rxd8 19. Nfd2 Nxd2 20. Bxd2 h5 21. Be1 Qe6 22. Rd1 Nd5 {1-0 (37) Oparin,G (2681)-Assaubayeva,B (2434) Chess.com INT 2022}) 17. Nd2 Rac8 {[%emt 0:02:16] Black is more active.} ({Better is} 17... e4 $1 $15) 18. Nxc4 $14 Nxc4 19. Ne4 Bd5 20. Bf1 $36 {[%emt 0:04:29][%mdl 2048] White has some pressure.} Nb6 21. Nc5 f5 22. e4 Bf7 23. Bb2 f4 24. gxf4 exf4 25. Bxg7 Kxg7 26. Qc3+ Kh6 27. Qf3 g5 ({Black should try} 27... Qg5+ $14 28. Qg4 Rcd8) 28. Be2 Rcd8 29. Kh1 (29. Qc3 $16) 29... Bg6 (29... Nd7 $1 $11) 30. Kh2 (30. Rxd8 $16 Qxd8 31. h4) 30... Qe5 31. Rxd8 (31. Kg1 $14) 31... Rxd8 $11 32. Rd1 Rxd1 33. Bxd1 Nc4 34. h4 gxh4 35. Qg4 $1 Qf6 36. Kh3 (36. Ne6 {is more complex.} Ne5 37. Qxf4+ Qxf4+ 38. Nxf4 Bxe4 39. Kh3) 36... Nxa3 37. Qxh4+ (37. Ba4 {keeps more tension.} Nc4 38. Nd7 Qg5 39. Bxc6 Nd2 40. Qxh4+ Qxh4+ 41. Kxh4 Bxe4 42. Bxe4 Nxe4 43. f3) 37... Qxh4+ 38. Kxh4 {[%emt 0:00:05][%mdl 4096] Endgame KBN-KBN} Nc4 (38... Nb5 $11) 39. f3 $2 (39. Bc2 $1 $14) 39... Ne5 $17 {[%emt 0:03:01] aiming for ...Bh5.} 40. Ne6 Bh5 41. Nd4 Be8 (41... Bf7 $17) 42. Nf5+ $2 {[%emt 0:00:00] Loses the game.} (42. Ne6 $1 $11 {and White is okay.}) 42... Kg6 $19 43. Be2 $2 {[%emt 0:00:00] [#]} (43. Nd4) 43... Bd7 $1 44. Nd4 Bc8 {[%emt 0:00:00] Inhibits Ba6.} 45. Bf1 {[%emt 0:00:00] [#]} (45. Bd1 $142 Bd7 46. Be2) 45... Kh6 $1 46. Nf5+ Bxf5 47. exf5 Nxf3+ 48. Kg4 Nh2+ 49. Kxf4 Nxf1 {[%emt 0:00:00] Weighted Error Value: White=0.73/Black=0.21 (precise)} 0-1

[Event "Czech Championship 2022"]
[Site "Usti nad Labem"]
[Date "2022.05.18"]
[Round "5.21"]
[White "Horak, Jiri"]
[Black "Sykora, Ondrej"]
[Result "0-1"]
[ECO "D46"]
[WhiteElo "2161"]
[BlackElo "2092"]
[Annotator "TA"]
[PlyCount "88"]
[EventDate "2022.05.12"]
[EventType "swiss"]
[EventCountry "CZE"]
[SourceTitle "playchess.com"]
[Source "ChessBase"]
[SourceQuality "1"]
[TimeControl "40/5400+30:1800+30"]

1. d4 Nf6 2. Nf3 e6 3. c4 d5 4. Nc3 c6 5. e3 Nbd7 6. Bd3 Bd6 7. O-O O-O 8. e4 dxc4 9. Bxc4 e5 10. dxe5 Nxe5 11. Nxe5 Bxe5 12. Qc2 Qe7 {[%emt 0:01:24] D46: Semi-Slav: 5 e3 Nbd7 6 Bd3, Black avoids the Meran.} 13. Bd3 {[%emt 0:07:40] [#]} (13. Be2 $15 {deserves consideration.}) 13... Rd8 $146 (13... Ng4 {with more complications.} 14. h3 Qh4 15. Be2 Bh2+) ({Predecessor:} 13... Re8 14. h3 Nh5 15. Ne2 Qh4 16. f4 Bc7 17. e5 Bxh3 18. Be3 Bxg2 19. Kxg2 Qg4+ 20. Kh2 Rxe5 21. fxe5 Bxe5+ {0-1 (31) Shabtai,R (2293)-Polgar,S (2464) Israel 2002}) 14. g3 Bh3 {[%emt 0:02:36] Black is better.} 15. Re1 Ng4 16. Bf1 Bxf1 17. Rxf1 Bd4 $36 {[%emt 0:09:37][%mdl 2048] Black is more active.} 18. h3 (18. Kg2 $15 {should be considered.}) 18... Ne5 $17 19. Kg2 b5 ({Much worse is} 19... Qf6 $6 20. Bf4 $15) 20. Ne2 Bb6 {[%emt 0:10:58] Strongly threatening ...Nd3. 0x0.001a2c978a2edp-1022s more active pieces. The white rooks are badly placed.} 21. Bf4 {[%emt 0:00:50] [#] This move loses the game for White.} (21. f3 $15) 21... Nd3 $1 $19 22. f3 {[%emt 0:02:45] [#]} Qb4 $1 23. Rfd1 Qxb2 24. Qxb2 Nxb2 25. Rd6 (25. Rdc1 {was called for.}) 25... Rxd6 26. Bxd6 Rd8 27. e5 (27. Rb1 $142) 27... Nc4 28. f4 Nxd6 29. exd6 Rxd6 {[%emt 0:00:01][%mdl 4096] Endgame KRB-KRN} 30. Rc1 f5 31. g4 (31. Rc2 {is a better defense.}) 31... fxg4 32. hxg4 c5 33. Nc3 (33. Rc2 {was worth a try.}) 33... Rd2+ 34. Kf3 b4 35. Na4 Rxa2 36. Nxc5 a5 37. Nd7 (37. Nd3 {was the only defense.}) 37... Bd4 {[%emt 0:00:20] Hoping for ...b3.} 38. Ke4 Bc3 {[%emt 0:00:41] White must now prevent ...a4.} 39. Nb6 (39. Nc5 $142 a4 40. Rd1) 39... Ra1 40. Rxa1 Bxa1 41. Kd3 g6 {[%emt 0:31:47][%cal Bg7g6,Bg6h5][%mdl 32] And now ...h5 would win.} 42. Kc4 Bc3 (42... h5 $142 43. Nd5 hxg4) 43. Kb3 h5 44. gxh5 gxh5 {[%emt 0:00:00] Weighted Error Value: White=0.85/Black=0.15 (very precise)} 0-1

[Event "Czech Championship 2022"]
[Site "Usti nad Labem"]
[Date "2022.05.18"]
[Round "5.22"]
[White "Ret, Adam Josef"]
[Black "Hladky, Tadeas"]
[Result "1/2-1/2"]
[ECO "A22"]
[WhiteElo "2093"]
[BlackElo "2119"]
[Annotator "TA"]
[PlyCount "61"]
[EventDate "2022.05.12"]
[EventType "swiss"]
[EventCountry "CZE"]
[SourceTitle "playchess.com"]
[Source "ChessBase"]
[SourceQuality "1"]
[TimeControl "40/5400+30:1800+30"]

1. c4 Nf6 2. Nc3 e5 3. g3 Bb4 4. Bg2 O-O 5. e3 c6 6. Nge2 d6 7. a3 {[%emt 0:02:00] A22: English Opening: 1...e5 2 Nc3 Nf6.} Ba5 8. O-O Be6 9. b3 {[%emt 0:00:45][%cal Bb2b3,Bb3b4][%mdl 32] [#]} d5 $146 ({Predecessor:} 9... Qd7 10. Re1 Bh3 11. Bh1 Ng4 12. Bb2 Qf5 13. f3 Nf6 14. d4 Rd8 15. b4 Bc7 {1-0 (31) Hung,J (1671)-Weaver,S England 2014}) 10. b4 Bc7 11. cxd5 Nxd5 12. Bb2 Nb6 13. d4 a5 14. b5 Bc4 15. bxc6 bxc6 (15... Nxc6 $11 16. Re1 f5) 16. Re1 $16 Qe7 (16... Be6 $142) 17. Na4 Ra6 18. Rc1 Bb5 (18... Rd8 $142) 19. Nc5 Ra7 20. a4 Bc4 21. Qc2 Bd6 22. Ne4 {[%emt 0:14:20] White is more active.} Bb4 {[%emt 0:01:40] [#]} 23. Bc3 ({Much less strong is} 23. Nd2 Ba6 $14) (23. dxe5 $1 $16 {Strongly threatening Red1.} Bxe1 24. Rxe1) 23... N8d7 24. Ra1 ({White should play} 24. dxe5 $16 {aiming for f4.} Nxe5 25. Bxe5 Qxe5 26. Red1) 24... c5 25. dxc5 (25. dxe5 {is interesting.} Nxe5 26. Red1 Rd7 27. Rxd7 Nexd7 28. Rd1) 25... Nxc5 $2 (25... Bxc5 $11 26. h4 f6) 26. Nxc5 (26. Bxb4 $1 $16 axb4 27. a5 Nxe4 28. Bxe4) 26... Bxc5 {[%emt 0:01:05] [#]} (26... Qxc5 $11 {remains equal.} 27. Bxb4 axb4) 27. Nc1 (27. Nd4 $1 $16 {[%cal Rd4c6][%mdl 512] Black must now prevent Nc6.} Bd5 (27... Bxd4 28. exd4) 28. Bxd5 Nxd5 29. Nc6) 27... Rd8 $11 28. Be4 g6 29. Bd3 ({Better is} 29. Rd1 $11) 29... Bd5 $15 30. Be4 Bc4 ({Black should try} 30... Bb4 $15 31. Bxd5 Nxd5 32. Bxb4 Nxb4) 31. Bd3 {[%emt 0:00:08] Weighted Error Value: White=0.34/Black=0.38} (31. Nb3 $11 Bb4 32. Bxb4 Qxb4 33. Reb1) 1/2-1/2

[Event "Czech Championship 2022"]
[Site "Usti nad Labem"]
[Date "2022.05.18"]
[Round "5.23"]
[White "Sura, Jaroslav"]
[Black "Pokrupa, Marek"]
[Result "0-1"]
[ECO "C00"]
[WhiteElo "2010"]
[BlackElo "2117"]
[Annotator "TA"]
[PlyCount "100"]
[EventDate "2022.05.12"]
[EventType "swiss"]
[EventCountry "CZE"]
[SourceTitle "playchess.com"]
[Source "ChessBase"]
[SourceQuality "1"]
[TimeControl "40/5400+30:1800+30"]

1. e4 e6 2. d3 c5 3. g3 Nc6 4. Bg2 d5 5. Nd2 Nf6 6. Ngf3 Be7 7. O-O O-O 8. Re1 b5 9. e5 Nd7 10. Nf1 Bb7 11. h4 Qc7 12. Bf4 d4 {[%emt 0:06:56] C00: French: Unusual White 2nd moves.} 13. N1h2 Nb6 (13... Rfb8 $5 ) 14. Ng5 (14. Ng4 $14 Nd5 15. Bd2) 14... Nb4 $2 {[%emt 0:05:43] [#]} (14... Bxg5 $11 {and Black is okay.} 15. Bxg5 Rfb8) 15. Nxh7 $146 ({Predecessor:} 15. Ne4 N4d5 16. Qh5 Nxf4 17. gxf4 Nd5 18. Qg4 Kh8 19. Ng5 h6 20. Be4 Nb4 21. Re2 {0-1 (29) Borjanovic,V-Cabarkapa,V (2285) Yugoslavia 1994}) 15... Kxh7 16. Qh5+ $1 Kg8 {[%emt 0:00:02] Hoping for ...Bxg2.} 17. Ng4 $1 N6d5 {[%emt 0:21:54] Against Nf6+} (17... Nxc2 $2 18. Nf6+ $1 gxf6 19. Qg4+ Kh8 20. exf6 Bxf6 21. Bxc7 $18) (17... Rfc8) 18. Be4 g6 19. Qh6 Nxf4 20. gxf4 {[%emt 0:00:44] Nf6+ would kill now.} f5 {[%emt 0:07:11] Strongly threatening ...Rf7.} 21. Qxg6+ (21. exf6 $2 Bxf6 22. Bxb7 (22. Qxg6+ $2 Qg7 $17) 22... Qxb7 $19) 21... Kh8 22. Qh6+ Kg8 23. Qg6+ (23. Qxe6+ Kg7 $18) 23... Kh8 24. Qh6+ $40 {[%emt 0:00:17][%mdl 128] White is up to no good.} (24. Qh5+ $1 Kg7 25. Qh6+ Kf7 26. Qh5+ (26. Bxb7 $2 Rh8 $19) 26... Kg7 27. Nh6) 24... Kg8 25. Qxe6+ Kh8 (25... Kg7 $142) 26. Qh6+ Kg8 27. Qe6+ (27. Qg6+ $142 Kh8 28. Qh5+ Kg7 29. Kh2 $1 (29. Bxf5 Rxf5 30. Qh6+ Kf7 $14) 29... fxe4 30. Rg1) 27... Kh8 28. Qh6+ (28. Bxb7 $142 Qxb7 29. Qh6+ Kg8 30. Qg6+ Kh8 31. e6) 28... Kg8 29. Qg6+ Kh8 30. Bxf5 $2 (30. Qh5+ Kg7 31. Kh2 $1 (31. Bxf5 Rxf5 32. Qh6+ Kf7 $14) 31... fxe4 32. Rg1) 30... Rxf5 31. Qxf5 ({White must play} 31. Qh6+ $1 $18 Kg8 32. Qg6+ Kh8 33. Qxf5 Bxh4 34. e6) 31... Qc6 $4 (31... Bxh4 $16 32. e6 Qh7 33. Qxh7+ (33. Qxc5 Bf6 $17) (33. Qe5+ Kg8 $14) 33... Kxh7) 32. Re4 Qe8 33. Rae1 $2 ({Weaker is} 33. Nf6 Qf7 $11) (33. Kh2 $18 {and White stays clearly on top.} Qg8 34. Nh6) 33... Nxc2 $2 (33... Qg8 $16) 34. Nf6 $2 (34. Rc1 $1 $18 ) 34... Qf7 $1 $15 35. Qg5 {[%emt 0:02:21] Inhibits Rg8.} Bxf6 $19 {[%emt 0:02:24] The board is on fire.} 36. Qh6+ {[%emt 0:02:21] [#]} Qh7 $1 (36... Kg8 $2 37. exf6 Nxe1 38. Rxe1 $18) 37. Qxf6+ Qg7+ 38. Qxg7+ Kxg7 39. f5 Nxe1 40. Rxe1 {[%emt 0:00:36][%mdl 4096] Endgame KRB-KR} Rh8 41. Kh2 $2 (41. f3) 41... Rxh4+ {[%emt 0:10:47] Black is clearly winning.} 42. Kg3 {[%emt 0:00:06] [#]} Rh1 43. Re2 Rd1 {[%emt 0:03:45] Against Rd2} 44. Kf4 Rxd3 {[%emt 0:04:35] And now ...Rf3+ would win.} 45. Kg5 Bf3 46. f6+ Kf8 47. Re1 Rd1 48. Rxd1 Bxd1 49. e6 Bf3 {[%emt 0:01:01] aiming for ...d3.} 50. f7 Bd5 {[%emt 0:00:40] Weighted Error Value: White=1.47/Black=0.29 (precise)} (50... d3 $2 {gets mated.} 51. Kf6 Bh5 52. e7#) 0-1

[Event "Czech Championship 2022"]
[Site "Usti nad Labem"]
[Date "2022.05.18"]
[Round "5.24"]
[White "Paulus, Vaclav"]
[Black "Jirasko, Miroslav"]
[Result "1-0"]
[ECO "B12"]
[WhiteElo "2093"]
[BlackElo "2091"]
[Annotator "TA"]
[PlyCount "97"]
[EventDate "2022.05.12"]
[EventType "swiss"]
[EventCountry "CZE"]
[SourceTitle "playchess.com"]
[Source "ChessBase"]
[SourceQuality "1"]
[TimeControl "40/5400+30:1800+30"]

1. e4 c6 2. d4 d5 3. e5 c5 4. dxc5 e6 5. a3 Bxc5 6. Qg4 {[%emt 0:00:02] B12: Caro-Kann: Advance Variation.} Ne7 7. Nf3 (7. Bd3 $11) 7... Ng6 (7... Qb6 $1 $17 8. Qxg7 Bxf2+ 9. Kd1 Rg8 10. Qxh7 Nbc6) 8. Bd3 $11 {[%emt 0:00:31] The position is equal.} O-O 9. O-O {[%emt 0:00:18] [#]} Bb6 $146 ({Predecessor:} 9... f5 10. exf6 Qxf6 11. Qh5 Nf4 12. Bxh7+ Kh8 13. Bxf4 Qxf4 14. Ng5 {1-0 (14) Ragger,M (2685)-Hoefelsauer,T (2324) Innsbruck 2021}) 10. Qh5 {[%emt 0:01:46] Threatens to win with Ng5.} Qe8 11. Ng5 h6 12. Nxf7 Qxf7 $15 13. Bxg6 {[%emt 0:00:09] [#]} Qxf2+ $1 14. Rxf2 Rxf2 15. h3 {[%emt 0:03:17] aiming for Kh2.} Rf5+ $1 {[%emt 0:00:07][%mdl 64] Discovered Attack} 16. Kh2 Rxh5 17. Bxh5 Bd4 18. Bf4 Nc6 (18... Bxb2 $142 19. Ra2 Bd4) 19. Nc3 $17 Bd7 20. Re1 Rf8 21. Bg3 Rf5 22. Bg4 Rg5 23. Ne2 Bxe5 24. Nf4 {[%emt 0:00:25] Against h5} Nd8 (24... Kf7 $17) 25. c3 g6 26. Rxe5 Rxe5 27. Nxg6 Rg5 (27... Re4 $17) 28. Ne5 $11 h5 {[%emt 0:00:38] Hoping for ...Rxe5.} 29. Nxd7 (29. Nf3 $1 $11) 29... hxg4 {[%emt 0:00:05][%mdl 4096] Endgame KRN-KBN} 30. Nf6+ Kg7 31. Nxg4 Nc6 32. Ne3 Kg6 (32... Kf7 33. h4 Rh5) 33. Bf4 Rh5 34. g4 Rh8 35. Bg3 d4 36. cxd4 Nxd4 37. Kg2 Rc8 38. h4 Nc2 (38... Kf6 $5 ) 39. Nf1 Rf8 ({Black should try} 39... Rd8 $1 $15) 40. Nd2 Ne3+ 41. Kh3 Nf1 42. h5+ Kh6 43. Bd6 Rf2 (43... Rf7 44. Ne4 Ne3) (43... Rf7 $1 $11 44. Ne4 Ne3) 44. Ne4 $18 {[%emt 0:00:25][%mdl 1024] White has strong compensation.} Re2 (44... Rxb2 45. Kh4 Kh7 46. Ng5+ Kg8 47. h6) (44... Rf3+ 45. Kh4 Ne3 46. g5+ Kh7) (44... Rxb2 45. Kh4 Kh7 46. Ng5+ Kg8 47. h6 $18) (44... Rf3+ 45. Kh4 Ne3 46. g5+ Kh7) 45. Bf8+ Kh7 {[%emt 0:00:11][%csl Gf1][%cal Re2h2] [#]} 46. Nf6+ $1 Kh8 {[%emt 0:00:26][%csl Gf1][%cal Re2h2] [#]} 47. Kh4 $1 {[%emt 0:00:41] Threatening mate with h6.} Ne3 48. h6 Nd5 49. Bg7# {[%emt 0:00:06] What a bad dream for Black.  Weighted Error Value: White=0.23 (precise) /Black=0.54} 1-0

[Event "Czech Championship 2022"]
[Site "Usti nad Labem"]
[Date "2022.05.19"]
[Round "6.1"]
[White "Zwardon, Vojtech"]
[Black "Navara, David"]
[Result "1/2-1/2"]
[ECO "A28"]
[WhiteElo "2482"]
[BlackElo "2682"]
[Annotator "TA"]
[PlyCount "100"]
[EventDate "2022.05.12"]
[EventType "swiss"]
[EventCountry "CZE"]
[SourceTitle "playchess.com"]
[Source "ChessBase"]
[SourceQuality "1"]
[TimeControl "40/5400+30:1800+30"]

1. c4 Nf6 2. Nc3 e5 3. Nf3 Nc6 4. e3 Bb4 5. Qc2 Bxc3 6. Qxc3 Qe7 7. a3 {[%emt 0:00:02] 7.a3 has lost popularity.} O-O {[%emt 0:00:14] A28: English Opening: Four Knights Variation.} 8. b4 d5 9. cxd5 Nxd5 10. Qc5 Qxc5 11. bxc5 e4 12. Ng5 Bf5 {[%emt 0:00:14] [#]} 13. Bb2 $146 ({Predecessor:} 13. f3 exf3 14. gxf3 Rfe8 15. Kf2 h6 16. Nh3 Ne5 17. Ng1 Nd3+ 18. Bxd3 Bxd3 19. Bb2 {0-1 (50) Rodgaard,J (2331)-Thybo,J (2496) Denmark 2019}) 13... h6 (13... f6 $5 14. Bc4 Rfd8 $15) 14. g4 Bg6 ({Resist} 14... hxg5 15. gxf5 Rfe8 16. Rb1 $14) ({Don't take} 14... Bxg4 15. Rg1 $16) 15. Bc4 Rfd8 16. Nh3 f6 17. Nf4 Bf7 18. Ne2 Kf8 19. Rc1 Na5 ({Much less strong is} 19... Nde7 20. Bxf7 Kxf7 21. Ng3 $14) 20. Ba2 b5 21. cxb6 cxb6 (21... axb6 {is interesting.} 22. Bxd5 Rxd5 23. Rxc7 Rb5) 22. h4 Rac8 23. Ng3 (23. g5 $11) 23... Rxc1+ $15 24. Bxc1 Rc8 25. O-O {[%emt 0:00:43] [#]} Nxe3 $1 26. dxe3 {[%emt 0:06:30] Hoping for Bxf7.} (26. fxe3 Bxa2) 26... Bxa2 27. Bd2 Be6 (27... Nc4 $17 28. Rc1 a5) 28. Bb4+ $11 Kg8 {[%emt 0:00:46] aiming for ...Nc4.} 29. Bxa5 bxa5 {[%emt 0:00:05][%mdl 4096] Endgame KRB-KRN} 30. g5 $1 Rc3 31. Rb1 ({White should try} 31. g6 $11) 31... fxg5 32. hxg5 Rxa3 33. Rb7 hxg5 34. Rxa7 Bd5 35. Nf5 {[%emt 0:00:03] [#] Ne7+ is the strong threat.} Kf8 36. Nxg7 {[%emt 0:02:29] The position is equal.} a4 {[%emt 0:00:26][%cal Ba5a4,Ba4a3][%mdl 32] Threatens to win with ...Ra1+.} 37. Nh5 Ra1+ 38. Kh2 a3 39. Nf6 Be6 {[%emt 0:01:09] And now ...a2 would win.} 40. Nxe4 a2 41. Nc3 Rf1 42. Nxa2 Rxf2+ 43. Kg3 Re2 44. Kf3 Rxa2 45. Rxa2 Bxa2 {[%emt 0:00:06] KB-KP} 46. Kg4 Ke7 {[%emt 0:00:06] ( -> ...Kf6)} 47. Kxg5 Ke6 48. e4 Ke5 49. Kh4 Bb1 50. Kh3 Bxe4 {[%emt 0:00:04] Weighted Error Value: White=0.07 (flawless) /Black=0.08 (flawless)} 1/2-1/2

[Event "Czech Championship 2022"]
[Site "Usti nad Labem"]
[Date "2022.05.19"]
[Round "6.2"]
[White "Babula, Vlastimil"]
[Black "Hracek, Zbynek"]
[Result "1/2-1/2"]
[ECO "D37"]
[WhiteElo "2576"]
[BlackElo "2570"]
[Annotator "TA"]
[PlyCount "62"]
[EventDate "2022.05.12"]
[EventType "swiss"]
[EventCountry "CZE"]
[SourceTitle "playchess.com"]
[Source "ChessBase"]
[SourceQuality "1"]
[TimeControl "40/5400+30:1800+30"]

1. d4 d5 2. c4 e6 3. Nc3 Nf6 4. Nf3 Be7 5. Bf4 O-O 6. e3 c5 7. dxc5 Bxc5 8. Qc2 Nc6 9. a3 Re8 10. Bg5 {[%emt 0:12:27][%cal Bf4g5,Bg5h4,Bh4g3][%mdl 32] D37: Queen's Gambit Declined: 5 Bf4.} Be7 11. Be2 h6 12. Bh4 {[%emt 0:02:12] White is slightly better.} dxc4 13. Bxc4 Bd7 {[%emt 0:07:54] [#]} 14. Rd1 $146 ({Predecessor:} 14. O-O Rc8 15. Rfd1 Nh5 16. Bxe7 Qxe7 17. Be2 Nf6 18. Rac1 Red8 19. h3 a6 20. b4 {½-½ (33) Salzmann,S (2340)-Jambrich,J (2303) ICCF email 2019}) 14... Nh5 15. Bg3 Qc8 16. Ba2 Rd8 17. Bb1 {[%emt 0:04:22] [#] White wants to mate with Qh7+.} g6 $1 18. Ne4 Nxg3 19. hxg3 Na5 {[%emt 0:00:04] aiming for ...Qxc2.} 20. Nc3 ({But not} 20. Rxh6 Qxc2 21. Bxc2 Rac8 $17) 20... Kg7 21. Rc1 Bf6 22. b4 Qxc3+ 23. Qxc3 Bxc3+ 24. Rxc3 Rac8 25. Rxc8 Rxc8 26. O-O $1 Nc4 27. Rd1 Bc6 ({Reject} 27... Nxa3 28. Rxd7 Rc1+ 29. Kh2 Rxb1 30. Ne5 $11) 28. Rc1 $1 Nxa3 29. Be4 {[%emt 0:00:24] The position is equal.} Rb8 30. Bxc6 bxc6 31. Rc3 Nb5 $1 {[%emt 0:00:51] Weighted Error Value: White=0.07 (flawless) /Black=0.05 (flawless)} 1/2-1/2

[Event "Czech Championship 2022"]
[Site "Usti nad Labem"]
[Date "2022.05.19"]
[Round "6.3"]
[White "Plat, Vojtech"]
[Black "Stocek, Jiri"]
[Result "1-0"]
[ECO "E21"]
[WhiteElo "2547"]
[BlackElo "2533"]
[Annotator "TA"]
[PlyCount "277"]
[EventDate "2022.05.12"]
[EventType "swiss"]
[EventCountry "CZE"]
[SourceTitle "playchess.com"]
[Source "ChessBase"]
[SourceQuality "1"]
[TimeControl "40/5400+30:1800+30"]

1. d4 Nf6 2. Nf3 b6 3. e3 Bb7 4. c4 e6 5. Nc3 Bb4 6. Bd2 O-O 7. Bd3 d6 8. O-O Nbd7 9. b3 Re8 10. a3 Bxc3 11. Bxc3 e5 12. Bc2 Be4 13. Bxe4 Nxe4 14. Bb2 c5 15. Qc2 Nef6 16. dxe5 dxe5 17. Rad1 Qc7 18. Qf5 h6 19. e4 Re6 20. Nh4 Nf8 21. Qf3 Qb7 22. Nf5 Ng6 23. Rfe1 b5 24. Bc1 bxc4 25. bxc4 Rb8 26. h4 h5 27. Bg5 Ng4 28. Ng3 f6 29. Nxh5 Nxf2 30. Qxf2 fxg5 31. Qf5 Qe7 32. hxg5 Nf8 33. Rd5 Re8 34. Re3 Rg6 35. Rg3 Qc7 36. Rg4 Ree6 37. Ng3 Nh7 38. Qf2 Rxg5 39. Rxc5 Qb7 40. Rb5 Qc7 41. Rxg5 Nxg5 42. Qf5 Qd8 43. Rd5 Qe7 44. Qg4 Qf6 45. Rd7 Nf7 46. Qf5 a6 47. Qxf6 Rxf6 48. Nf5 g6 49. Ne7+ Kf8 50. c5 Re6 51. Nd5 Rc6 52. Ra7 Ng5 53. Ne7 Re6 54. Nc8 Nxe4 55. Rc7 Ke8 56. Na7 Re7 57. Rc8+ Kd7 58. a4 Rh7 59. Rc6 g5 60. a5 g4 61. Rxa6 Nxc5 62. Rg6 e4 63. Rg5 Ne6 64. Rxg4 Rh5 65. a6 Re5 66. Rh4 Kc7 67. Kf2 e3+ 68. Ke2 Kb6 69. Nc8+ Kxa6 70. Nd6 Rg5 71. Ra4+ Kb6 72. g4 Kc6 73. Nf5 Kd5 74. Ra5+ ({Don't play} 74. Nxe3+ Ke5 $14) 74... Ke4 75. Nd6+ Kd4 76. Ra4+ Kd5 77. Ne4 Re5 78. Nc3+ $1 Kd6 79. Nd1 Nc5 80. Ra8 Ne6 81. Nxe3 Re4 82. Ra5 Ke7 83. Kf3 Rf4+ 84. Kg3 Rf8 85. Ra6 Rd8 86. Nf5+ Kf6 87. Nd6 Ke7 88. Ne4 Rd4 89. Ra7+ Rd7 90. Ra5 Rd1 91. Ra7+ Rd7 92. Ra1 Rd4 93. Re1 Kf7 94. Kh4 Kg6 95. Nf2 Ng5 96. Re8 Nf3+ 97. Kg3 Ng5 98. Re3 Ra4 99. Nd3 Ne4+ 100. Kh4 Kg7 101. Nf4 Nd6 102. Nh5+ Kf7 103. Rd3 Ke7 104. Ng3 Nf7 105. Re3+ Kf6 106. Nh5+ Kg6 107. Re6+ Kh7 108. Re7 Kg6 109. Re8 Ra1 110. Re6+ Kh7 111. Ng3 Rg1 112. Re3 Ra1 113. Kh5 Ra5+ 114. Nf5 Ne5 115. Rc3 Ra7 116. Rc5 Ng6 117. Rc6 Ne7 118. Rh6+ Kg8 119. Nd4 Ra5+ 120. g5 Rd5 121. Nf3 Nf5 122. Rb6 Rd6 123. Rb8+ Kg7 (123... Kh7 $11) 124. Rb7+ (124. Rb5 $14 Ng3+ 125. Kg4) 124... Kg8 125. g6 Rd5 126. Ng5 Nd6 127. Re7 Nf5 128. Ra7 Nd6 129. Kg4 Rd4+ 130. Kf3 $1 Rb4 $2 (130... Nc8 $14 131. Rc7 Rd6) 131. Ne6 $18 Rb8 {[%emt 0:00:44] [#]} 132. Kf4 (132. Rg7+ $1 $16 Kh8 133. Rd7) 132... Re8 $11 133. Ke5 Nc8 $2 (133... Ne4 $11) 134. Rg7+ Kh8 135. Rh7+ Kg8 136. Kf6 Nd6 137. Rg7+ Kh8 138. Rd7 Ne4+ 139. Kf7 1-0

[Event "Czech Championship 2022"]
[Site "Usti nad Labem"]
[Date "2022.05.19"]
[Round "6.4"]
[White "Nemec, Jachym"]
[Black "Cernousek, Lukas"]
[Result "1/2-1/2"]
[ECO "A80"]
[WhiteElo "2367"]
[BlackElo "2440"]
[Annotator "TA"]
[PlyCount "67"]
[EventDate "2022.05.12"]
[EventType "swiss"]
[EventCountry "CZE"]
[SourceTitle "playchess.com"]
[Source "ChessBase"]
[SourceQuality "1"]
[TimeControl "40/5400+30:1800+30"]

1. d4 f5 2. Nc3 Nf6 3. Bg5 d5 4. Bxf6 exf6 5. e3 Be6 6. Bd3 Nc6 7. Nge2 {[%emt 0:00:04] Threatening Nf4.} Qd7 {[%emt 0:00:10] A80: Dutch Defence: Unusual White second moves.} 8. a3 g6 9. h4 h5 {[%emt 0:00:21] [#]} 10. Qd2 $146 ({Predecessor:} 10. Nf4 Bf7 11. Qf3 Ne7 12. Bb5 c6 13. Bd3 Nc8 14. Qe2 Nd6 15. O-O-O O-O-O 16. Kb1 {1-0 (51) Bus,K (2257)-Slomczewski,M (2045) Zgierz 2018}) 10... Bf7 11. b3 Bh6 12. g3 Ne7 13. Na4 b6 {[%emt 0:00:07][%cal Bb7b6,Bb6c5][%mdl 32] Inhibits Nc5.} 14. Nb2 O-O 15. c3 Nc8 16. c4 c5 17. dxc5 bxc5 18. Qc2 Rb8 19. O-O Qb7 20. Na4 Qxb3 21. Qxb3 Rxb3 22. Nxc5 {[%emt 0:00:28] Pair of Knights!} Rb2 23. cxd5 Bxd5 24. Nc3 Bf7 25. Rab1 Rxb1 26. Rxb1 ({Don't play} 26. Nxb1 Rd8 $15) 26... Nb6 27. Nb5 Rc8 28. Nb7 Bd5 29. N7d6 (29. Nxa7 $11 Rc7 30. Rxb6) 29... Rd8 $1 $15 30. e4 fxe4 (30... Ba2 $15 31. Rd1 Bb3) 31. Bxe4 {[%emt 0:05:07] The position is equal.} a6 32. Nc3 Rxd6 33. Nxd5 Nxd5 34. Rd1 {[%emt 0:00:06] Weighted Error Value: White=0.09 (flawless) /Black=0.06 (flawless)} 1/2-1/2